 Dungeon Crawl Stone Soup version 0.21.0-3-g78d12a8 (webtiles) character file.

1157 Monsterracer the Cleaver (level 8, -3/70 HPs)
             Began as a Hill Orc Ice Elementalist on Jan 17, 2018.
             Was a Follower of Uskayaw.
             Slain by Joseph
             ... wielding a +0 quarterstaff
              (13 damage)
             ... on level 7 of the Dungeon.
             The game lasted 00:15:26 (10962 turns).

Monsterracer the Cleaver (HOIE)                    Turns: 10962, Time: 00:15:27

Health: -3/70      AC:  6    Str: 18    XL:     8   Next: 39%
Magic:  10/10      EV: 11    Int: 15    God:    Uskayaw [*.....]
Gold:   235        SH:  0    Dex: 11    Spells: 10/10 levels left

rFire    + . .     SeeInvis .   a - +0 battleaxe
rCold    . . .     Gourm    .   (shield currently unavailable)
rNeg     . . .     Faith    .   n - +0 ring mail
rPois    .         Spirit   .   (no helmet)
rElec    .         Reflect  .   (no cloak)
rCorr    .         Harm     .   o - +0 pair of gloves
MR       .....                  (no boots)
Stlth    ++........             (no amulet)
HPRegen  0.21/turn              f - ring of protection from fire {!d}
MPRegen  0.12/turn              t - ring of stealth

@: mighty, hasted, very quick
A: no striking features
a: Stomp, Renounce Religion


You were on level 7 of the Dungeon.
You worshipped Uskayaw.
Uskayaw was noncommittal.
You were not hungry.

You visited 2 branches of the dungeon, and saw 8 of its levels.

You collected 235 gold pieces.

Inventory:

Hand Weapons
 a - a +0 battleaxe (weapon)
 b - a +1 flail of protection
Armour
 n - a +0 ring mail (worn)
 o - a +0 pair of gloves (worn)
 s - a +0 buckler
 v - a +0 chain mail
Jewellery
 f - a ring of protection from fire (left hand) {!d}
 j - an uncursed ring of fire
 t - a ring of stealth (right hand)
 u - an uncursed ring of resist corrosion {unknown}
Scrolls
 e - 2 scrolls of remove curse
 k - 2 scrolls of teleportation
 l - 2 scrolls of blinking
 m - a scroll of fear {!r}
 q - a scroll of identify
Potions
 d - 2 potions of might
 h - 3 potions of flight
 i - 2 potions of mutation {!q}
 p - a potion of brilliance
 r - 2 potions of haste
Comestibles
 c - 9 rations
 g - 3 chunks of flesh


   Skills:
 + Level 5.8 Fighting
 * Level 8.5 Axes
 + Level 3.6 Armour
 - Level 1.5 Dodging
 - Level 1.5 Stealth
 - Level 2.4 Shields
 - Level 1.5 Spellcasting
   Level 1.0 Conjurations
   Level 2.6 Ice Magic
 + Level 2.6 Invocations


You had 10 spell levels left.
You didn't know any spells.

Dungeon Overview and Level Annotations

Branches:
Dungeon (7/15)             Temple (1/1) D:6

Altars:
Cheibriados
Dithmenos
Elyvilon
Fedhas
Gozag
Hepliaklqana
Kikubaaqudgha
Makhleb
Nemelex Xobeh
Qazlal
Ru
Sif Muna
Uskayaw
Wu Jian
Xom
Yredelemnul
Zin
The Shining One

Annotations:
D:6 p0werm0de's ghost, amateur GnNe
D:7 Joseph


Message History

b - a +0 battleaxe;
u - an emerald ring Adjust (i)tems, (s)pells, or (a)bilities?
Adjust which item? (? for menu, Esc to quit)
b - a +0 battleaxe Adjust to which letter? (? for menu, Esc to quit)
a - a +0 battleaxe;
b - a +1 flail of protection (weapon)
You hit the crimson imp.
Your weapon exudes an aura of protection.
The crimson imp is lightly wounded.
The crimson imp closely misses you.
You hit the crimson imp.
The crimson imp is lightly wounded.
The crimson imp hits you but does no damage.
You closely miss the crimson imp.
The crimson imp is lightly wounded.
The crimson imp closely misses you.
You closely miss the crimson imp. The crimson imp hits you.
* * * LOW HITPOINT WARNING * * *
Your +1 flail of protection goes still.
a - a +0 battleaxe (weapon)
The crimson imp barely misses you.
You slash the crimson imp!
You kill the crimson imp!
Uskayaw will force your foes to helplessly watch your dance.
Unknown command.
Things that are here:
a flail; a gnoll corpse You butcher the gnoll corpse.
g - 3 chunks of flesh
Things that are here:
a flail; a gnoll skeleton You can no longer pass through a line of other dancers.
There is a stone staircase leading down, spattered with blood here.
You start resting.
HP restored.
Health restored: 70 You climb downwards.
Level annotation: Joseph
There is a stone staircase leading up here.
You slice the gnoll!!
You kill the gnoll!
You slash the gnoll! The gnoll hits you with a flail!
You take 7 damage, and have 63/70 hp.
You closely miss the gnoll.
The gnoll is severely wounded.
The gnoll hits you but does no damage.
Your ring mail prevents you from hitting the gnoll.
The gnoll is severely wounded.
The gnoll hits you with a flail.
A hound comes into view.
You take 1 damage, and have 63/70 hp.
The hound barks!
You slash the gnoll!
You kill the gnoll!
You can now pass through a line of other dancers.
You see here a flail.
Things that are here:
a whip; a scroll of identify; a gnoll corpse The hound bites you. x2
You take 7 damage, and have 57/70 hp.
You closely miss the hound. The hound bites you but does no damage.
The hound misses you.
You can no longer pass through a line of other dancers.
You barely miss the hound. The hound bites you.
You take 2 damage, and have 55/70 hp.
You barely miss the hound.
Joseph shouts!
The hound closely misses you. The hound bites you but does no damage.
You closely miss the hound. The hound bites you but does no damage.
The hound closely misses you.
You hit the hound.
The hound is lightly wounded.
The hound bites you.
Joseph drinks a potion.
Joseph goes berserk!
The hound barely misses you.
You take 2 damage, and have 54/70 hp.
You hit the hound.
The hound is moderately wounded.
The hound barely misses you. The hound bites you.
Joseph hits you with a quarterstaff. The hound bites you but does no damage.
There is a stone staircase leading up, spattered with blood here.
You take 5 damage, and have 49/70 hp.
The hound pauses to sniff the ground.
The hound bites you.
You take 1 damage, and have 48/70 hp.
Joseph hits you with a quarterstaff.
You take 6 damage, and have 42/70 hp.
Joseph rages.
Joseph hits you with a quarterstaff!
You take 6 damage, and have 36/70 hp.
Okay, then.
Okay, then.
You feel very mighty all of a sudden. Joseph closely misses you.
You feel yourself speed up. Joseph hits you with a quarterstaff!!
* * * LOW HITPOINT WARNING * * *
You take 26 damage, and have 10/70 hp.
MASSIVE DAMAGE!!
You slice Joseph!!
Joseph is moderately wounded.
Joseph hits you with a quarterstaff!
You die...

... #.# #.#
#.####
####...(#
#.....#
#h#<).#
#@##).####
#.@........#
####.......#
#.......#
....#####
..#.# ..#.#
#..#.#


You could see Joseph (berserk) and a hound.

Vanquished Creatures
  2 sky beasts (D:6)
  2 phantoms
  2 bullfrogs (D:6)
  A scorpion (D:4)
  A crimson imp (D:6)
  2 hounds
  2 centaur skeletons
  3 jellies
  3 orc wizards (D:4)
  2 iguanas
  A bullfrog skeleton (D:6)
  A worker ant (D:5)
  A hound zombie (D:6)
  A worker ant zombie (D:5)
  3 gnolls
  4 adders
  A shadow imp (D:6)
  2 oozes (D:4)
  An adder skeleton (D:6)
  A worm (D:2)
  3 dart slugs
  2 leopard geckos
  9 orcs
  5 bats
  3 giant cockroaches
  9 goblins
  9 hobgoblins
  2 jackals (D:6)
  4 quokkas
  A ball python (D:2)
  5 frilled lizards (D:1)
  6 kobolds
  A quokka skeleton (D:4)
  5 rats
100 creatures vanquished.

Notes
Turn   | Place    | Note
-------+----------+-------------------------------------------
     0 | D:1      | Monsterracer the Hill Orc Ice Elementalist began the quest for the Orb.
     0 | D:1      | Reached XP level 1. HP: 14/14 MP: 3/3
    36 | D:1      | HP: 6/15 [kobold/short sword (5)]
    51 | D:1      | Reached skill level 1 in Fighting
   403 | D:1      | Reached XP level 2. HP: 23/24 MP: 4/4
   545 | D:1      | HP: 12/25 [hobgoblin (3)]
   931 | D:1      | Reached XP level 3. HP: 24/31 MP: 2/5
  1785 | D:2      | HP: 10/31 [worm (9)]
  1786 | D:2      | HP: 2/31 [worm (8)]
  1829 | D:2      | HP: 5/31 [hobgoblin/club (2)]
  2183 | D:2      | HP: 15/31 [worm (3)]
  3245 | D:3      | HP: 14/33 [quokka (3)]
  3469 | D:4      | Found a shadowy altar of Dithmenos.
  3473 | D:4      | Reached skill level 1 in Axes
  3480 | D:4      | Reached XP level 4. HP: 25/40 MP: 6/6
  3639 | D:4      | HP: 19/40 [adder (4)]
  3641 | D:4      | HP: 9/40 [poisoned by an adder]
  3643 | D:4      | Reached skill level 2 in Axes
  3901 | D:4      | HP: 19/40 [orc wizard/magic dart (6)]
  3903 | D:4      | Reached skill level 3 in Axes
  4163 | D:4      | Noticed a phantom
  4178 | D:4      | HP: 20/40 [phantom (8)]
  4205 | D:3      | HP: 15/40 [bat (1)]
  4216 | D:4      | HP: 12/40 [scorpion (5)]
  4225 | D:4      | HP: 11/40 [scorpion (2)]
  4227 | D:4      | HP: 3/40 [scorpion (5)]
  4229 | D:4      | Reached skill level 4 in Axes
  4229 | D:4      | Reached XP level 5. HP: 12/46 MP: 0/7
  4485 | D:4      | HP: 23/46 [hound (4)]
  4491 | D:4      | Reached skill level 5 in Axes
  4744 | D:4      | Noticed a phantom
  4768 | D:4      | HP: 21/46 [phantom (6)]
  4776 | D:4      | HP: 18/46 [poisoned by an adder]
  4804 | D:4      | HP: 19/46 [leopard gecko (3)]
  4833 | D:5      | Entered Level 5 of the Dungeon
  5141 | D:5      | Found a white marble altar of Elyvilon.
  5144 | D:5      | Found an ornate altar of the Wu Jian Council.
  5147 | D:5      | Found a hazy altar of Hepliaklqana.
  5165 | D:5      | Found a white marble altar of Elyvilon.
  5295 | D:5      | Reached XP level 6. HP: 30/52 MP: 8/8
  5632 | D:5      | HP: 23/52 [iguana (11)]
  5634 | D:5      | Reached skill level 1 in Armour
  6012 | D:5      | Found a basalt altar of Yredelemnul.
  6307 | D:4      | HP: 25/53 [orc/mace (4)]
  6314 | D:4      | HP: 26/53 [centaur skeleton (1)]
  6317 | D:4      | Reached skill level 6 in Axes
  6317 | D:4      | Reached skill level 1 in Shields
  6325 | D:4      | HP: 20/53 [quokka skeleton (4)]
  6331 | D:4      | HP: 17/53 [quokka skeleton (4)]
  6366 | D:4      | HP: 22/53 [orc/club (1)]
  6550 | D:4      | Found a deep blue altar of Sif Muna.
  6683 | D:3      | HP: 26/53 [quokka (3)]
  7065 | D:4      | HP: 24/53 [phantom (4)]
  7066 | D:4      | Killed a phantom
  7066 | D:4      | Reached XP level 7. HP: 27/60 MP: 9/9
  7392 | D:4      | HP: 26/60 [phantom (5)]
  7398 | D:4      | HP: 13/60 [phantom (3)]
  7403 | D:4      | HP: 8/60 [phantom (6)]
  7777 | D:6      | Noticed p0werm0de's ghost (amateur GnNe)
  7791 | D:6      | HP: 29/60 [shadow imp/nerve-wracking pain (5)]
  8383 | D:6      | Reached skill level 7 in Axes
  8532 | D:6      | Reached skill level 5 in Fighting
  8886 | D:6      | Found a staircase to the Ecumenical Temple.
  8895 | Temple   | Entered the Ecumenical Temple
  8917 | Temple   | Became a worshipper of Uskayaw the Reveler
  9018 | D:6      | Reached * piety under Uskayaw
  9159 | D:6      | Reached ** piety under Uskayaw
  9276 | D:6      | HP: 27/61 [sky beast (5)]
  9277 | D:6      | Reached skill level 1 in Invocations
  9277 | D:6      | Reached XP level 8. HP: 30/68 MP: 10/10
  9470 | D:6      | HP: 31/68 [worker ant (5)]
  9475 | D:6      | HP: 24/68 [poisoned by a worker ant]
  9480 | D:6      | HP: 14/68 [poisoned by a worker ant]
  9484 | D:6      | HP: 6/68 [poisoned by a worker ant]
  9489 | D:6      | HP: 4/68 [poisoned by a worker ant]
  9494 | D:6      | HP: 3/68 [poisoned by a worker ant]
  9501 | D:6      | HP: 2/68 [poisoned by a worker ant]
  9509 | D:5      | HP: 1/68 [poisoned by a worker ant]
  9514 | D:5      | HP: 27/69 [poisoned by a worker ant]
  9519 | D:5      | HP: 26/69 [poisoned by a worker ant]
  9524 | D:5      | HP: 25/69 [poisoned by a worker ant]
  9532 | D:5      | HP: 24/69 [poisoned by a worker ant]
  9856 | D:6      | Reached skill level 8 in Axes
  9957 | D:6      | HP: 30/69 [p0werm0de's ghost/nerve-wracking pain (10)]
 10337 | D:6      | HP: 30/69 [p0werm0de's ghost (7)]
 10742 | D:7      | Noticed Joseph
 10756 | D:6      | HP: 32/69 [sky beast (5)]
 10767 | D:6      | HP: 34/70 [crimson imp (1)]
 10769 | D:6      | Reached *** piety under Uskayaw
 10961 | D:7      | HP: 10/70 [Joseph/quarterstaff (26)]
 10962 | D:7      | Slain by Joseph

Skill      XL: |  1  2  3  4  5  6  7  8 |
---------------+-------------------------+-----
Fighting       | 2 3 4 5 |  5.8
Axes           | 1 4 5 6 7 8 |  8.5
Armour         | 1 3 |  3.6
Shields        | 1 2 |  2.4
Invocations    | 1 2 |  2.6
Dodging        | |  1.5
Stealth        | |  1.5
Spellcasting   | |  1.5
Conjurations   | |  1.0
Ice Magic      | |  2.6

Action                   |  1- 3 |  4- 6 |  7- 9 || total
-------------------------+-------+-------+-------++-------
Melee: Dagger            |   122 |       |       ||   122
       Unarmed           |     3 |       |       ||     3
       Hand axe          |    34 |   195 |   104 ||   333
       Battleaxe         |       |       |   116 ||   116
       Flail             |       |       |     4 ||     4
 Cast: Freeze            |    48 |    24 |       ||    72
  Use: Scroll            |     7 |     9 |     2 ||    18
       Potion            |       |     3 |     3 ||     6
 Stab: Sleeping          |     1 |     1 |     4 ||     6
  Eat: Chunk             |     8 |    10 |     6 ||    24
       Ration            |       |     1 |     2 ||     3
Armor: Robe              |    38 |    13 |       ||    51
       Ring mail         |       |    54 |    86 ||   140
Dodge: Dodged            |   125 |   129 |   101 ||   355

Vault maps used:
D:1:      dpeg_arrival_another_circle
D:2:      corner_web_ring, corexii_corridor_pit, minmay_misc_feat_more_columns
D:3:      okawaru_gym_becter, first_ration, minmay_statues_item
D:4:      grunt_dithmenos_smoke, kennysheep_mini, minmay_misc_feat_tiny,
          saegor_snake_ambush
D:5:      lemuel_round_altar, grunt_temple_overflow_diamond,
          minmay_misc_feat_encased, elyvilon_altar_4
D:6:      minmay_temple_entry_overgrown
D:7:      vehumet_altar_wand_db, uniq_joseph
Temple:   chequers_temple_sunken
